 Dungeon Crawl Stone Soup version 0.21.1-1-g345015f (webtiles) character file.

1518242 microfolk the Metallomancer (level 27, 186/186 HPs)
             Began as a Gargoyle Earth Elementalist on May 17, 2018.
             Was a High Priest of Cheibriados.
             Escaped with the Orb
             ... and 3 runes on May 18, 2018!
             The game lasted 05:27:23 (95383 turns).

microfolk the Metallomancer (GrEE)                 Turns: 95383, Time: 05:27:23

Health: 186/186    AC: 59    Str: 26    XL:     27
Magic:  53/54      EV: 22    Int: 43    God:    Cheibriados [*****.]
Gold:   5663       SH: 25    Dex: 19    Spells: 17/62 levels left

rFire    + + +     SeeInvis +   a - +6 demon whip (vamp)
rCold    + + +     Gourm    .   K - +5 shield
rNeg     + . .     Faith    .   R - quicksilver dragon scales of the Ninety-Nine Lives {rC+ MR+ rCorr}
rPois    ∞         Spirit   .   F - +1 helmet of the Sparrow {MP+9 Int+2}
rElec    +         Reflect  +   B - +4 dragonskin cloak
rCorr    +         Harm     .   J - +2 pair of gloves
MR       +++++                  X - +2 pair of boots
Stlth    +.........             g - amulet of Johet {Reflect *Contam rF+ rC+ SH+5}
HPRegen  0.41/turn              I - ring "Ituggith" {+Inv rF+ SInv}
MPRegen  0.34/turn              O - ring "Ygupi" {+Fly rF+ Int+4}

@: very slow
A: big wings, repulsion field 1, icy blue scales 1, iridescent scales 1, clumsy
1, cold resistance 2, deterioration 1, magic resistance 2, negative energy
resistance 1, electricity resistance, unbreathing, petrification resistance, rot
immunity, AC +20
0: Orb of Zot
}: 3/15 runes: barnacled, silver, gossamer
a: Fly, Bend Time, Temporal Distortion, Slouch, Step From Time, Renounce
Religion, Evoke Invisibility, Evoke Flight


You escaped.
You worshipped Cheibriados.
Cheibriados was extremely pleased with you.
You were very full.

You visited 10 branches of the dungeon, and saw 50 of its levels.
You visited the Abyss 1 time.
You visited 1 bazaar.
You also visited: Trove, Volcano and Wizlab.

You collected 12831 gold pieces.
You spent 7168 gold pieces at shops.

Inventory:

Hand Weapons
 a - a +6 vampiric demon whip (weapon)
Missiles
 s - 976 stones (quivered)
 Z - 10 throwing nets
Armour
 B - the +4 dragonskin cloak (worn)
   (You took it off Tiamat on level 5 of the Realm of Zot)
 F - the +1 helmet of the Sparrow (worn) {MP+9 Int+2}
   (You found it in a treasure trove)

   It affects your intelligence (+2).
   It affects your magic capacity (+9).
 J - a +2 pair of gloves (worn)
 K - a +5 shield (worn)
 P - +6 shadow dragon scales
 Q - the +6 plate armour of Boredom {rElec MR+ Dex+2 SInv}
   (You took it off an orc on level 3 of the Elven Halls)

   It affects your dexterity (+2).
   It insulates you from electricity.
   It affects your resistance to hostile enchantments.
   It lets you see invisible.
 R - the quicksilver dragon scales of the Ninety-Nine Lives (worn) {rC+ MR+ rCorr}
   (You found it on level 3 of the Elven Halls)

   It protects you from cold.
   It affects your resistance to hostile enchantments.
   It protects you from acid and corrosion.
 X - a +2 pair of boots (worn)
Magical Staves
 b - an uncursed staff of wizardry
Jewellery
 g - the amulet of Johet (around neck) {Reflect *Contam rF+ rC+ SH+5}
   (You took it off a black draconian on level 2 of the Realm of Zot)

   [amulet of reflection]

   It shields you and reflects attacks.
   It protects you from fire.
   It protects you from cold.
   It causes magical contamination when unequipped.
   It affects your SH (+5).
 C - the amulet of the Four Winds {rN+ MR+++ Clar}
   (You bought it in a shop on level 5 of the Vaults)

   [amulet of nothing]

   It protects you from negative energy.
   It affects your resistance to hostile enchantments.
   It protects you against confusion.
 I - the ring "Ituggith" (left hand) {+Inv rF+ SInv}
   (You took it off a salamander on level 4 of the Depths)

   [ring of see invisible]

   It protects you from fire.
   It lets you see invisible.
   It lets you turn invisible.
 O - the ring "Ygupi" (right hand) {+Fly rF+ Int+4}
   (You took it off a deep elf blademaster on level 3 of the Elven Halls)

   [ring of protection from fire]

   It affects your intelligence (+4).
   It protects you from fire.
   It lets you fly.
 W - the ring of Sitrus {rElec rN+ MR+}
   (You took it off a green draconian on level 2 of the Realm of Zot)

   [ring of protection from magic]

   It insulates you from electricity.
   It protects you from negative energy.
   It affects your resistance to hostile enchantments.
 Y - the amulet "Oshaxuf" {Spirit -Tele *Corrode rN+++ Slay+2}
   (You found it in a treasure trove)

   [amulet of guardian spirit]

   It causes incoming damage to be split between your health and magic.
   It affects your accuracy and damage with ranged weapons and melee attacks
   (+2).
   It renders you almost immune to negative energy.
   It prevents most forms of teleportation.
   It may corrode you when you take damage.
Wands
 c - a wand of enslavement (8)
 v - a wand of iceblast (45)
 x - a wand of acid (13)
 L - a wand of paralysis (61)
 S - a wand of digging (16)
Scrolls
 h - 2 scrolls of summoning
 k - 2 scrolls of identify {@r1}
 l - 4 scrolls of fear
 q - a scroll of silence
 u - 6 scrolls of blinking
 y - 5 scrolls of immolation
 z - 21 scrolls of remove curse {@r2}
 E - 5 scrolls of amnesia
 G - 10 scrolls of teleportation
 M - a scroll of brand weapon
 N - 2 scrolls of holy word
 V - 2 scrolls of fog
Potions
 f - 9 potions of brilliance
 i - 5 potions of might
 j - 8 potions of agility
 n - 4 potions of cancellation
 o - 2 potions of mutation
 p - 15 potions of lignification
 r - 15 potions of curing {@q1}
 t - 4 potions of invisibility
 A - 15 potions of heal wounds {@q2}
 H - 5 potions of resistance
Miscellaneous
 e - 3 phantom mirrors
 D - 4 boxes of beasts
Comestibles
 d - 50 rations


   Skills:
 + Level 22.6 Fighting
 - Level 12.0 Maces & Flails
 - Level 21.0 Armour
 + Level 11.0 Dodging
 - Level 2.1 Stealth
 - Level 15.0 Shields
 - Level 18.0 Spellcasting
 - Level 8.0 Conjurations
 - Level 5.0 Necromancy
 - Level 4.0 Translocations
 - Level 0.7 Transmutations
 - Level 26.0 Earth Magic
 * Level 18.5 Invocations
 - Level 9.0 Evocations


You had 17 spell levels left.
You knew the following spells:

 Your Spells              Type           Power        Failure   Level  Hunger
a - Iron Shot             Conj/Erth      ########..   1%          6    None
b - Stone Arrow           Conj/Erth      ######       0%          3    None
c - Lee's Rapid Deconstr  Erth           ########..   0%          5    None
d - Blink                 Tloc           N/A          1%          2    None
e - Passwall              Tmut/Erth      ########..   0%          2    None
f - Sandblast             Erth           ######       0%          1    None
g - Apportation           Tloc           ######       1%          1    None
h - Borgnjor's Vile Clut  Necr/Erth      ########..   1%          5    None
i - Shatter               Erth           ########..   2%          9    #####..
j - Passage of Golubria   Tloc           N/A          1%          4    None
k - Lesser Beckoning      Tloc           ######....   1%          3    None
l - Olgreb's Toxic Radia  Pois           #####...     8%          4    None


Dungeon Overview and Level Annotations

Branches:
Dungeon (15/15)            Temple (1/1) D:4            Lair (6/6) D:9
 Shoals (4/4) Lair:3       Spider (4/4) Lair:4        Slime (0/5) Lair:5
    Orc (2/2) D:11            Elf (3/3) Orc:2        Vaults (5/5) D:13
  Crypt (0/3) Vaults:2     Depths (5/5) D:15            Zot (5/5) Depths:5

Altars:
Ashenzari
Cheibriados
Dithmenos
Fedhas
Kikubaaqudgha
Makhleb
Nemelex Xobeh
Okawaru
Ru
Sif Muna
Uskayaw
Vehumet
Wu Jian
Yredelemnul
Zin
The Shining One
Beogh
Jiyva

Shops:
D:8 ?   D:11 [   Orc:1 =%(*   Orc:2 **[}   Elf:1 }*   Shoals:3 (
Vaults:5 !%([::=

Portals:
Hell: Depths:1 Depths:2 Depths:3 Depths:4 Depths:5
Abyss: Depths:1 Depths:4
Pandemonium: Depths:1 Depths:3
Ziggurat: Depths:4

Annotations:
D:2 exclusions: downstairs and 3 upstairs
D:3 exclusions: downstairs and 2 upstairs
D:4 exclusion: 3 upstairs
D:5 exclusion: 3 upstairs
D:6 exclusion: 2 upstairs
D:7 exclusion: 3 upstairs
D:8 exclusion: 2 upstairs
D:9 exclusion: 3 upstairs
D:10 exclusion: 3 upstairs
D:11 exclusion: 2 upstairs
D:12 2 transporters, exclusions: downstairs and 2 upstairs
D:13 exclusion: 2 upstairs
D:14 exclusion: 2 upstairs
D:15 exclusion: 3 upstairs
Lair:4 exclusion: downstairs
Depths:2 exclusion: 2 upstairs
Depths:3 exclusion: 2 upstairs
Depths:4 exclusion: 2 upstairs
Depths:5 exclusion: 2 upstairs
Zot:2 exclusion: 3 upstairs
Zot:3 exclusion: 2 upstairs
Zot:4 exclusion: 3 upstairs


Innate Abilities, Weirdness & Mutations

You are resistant to torment.
Your stone body is resilient. (AC +20)
You are immune to poison.
Your large and strong wings let you fly indefinitely.
You resist negative energy. (rN+)
You are resistant to electric shocks. (rElec)
You can survive without breathing.
You are immune to petrification.
You are immune to rotting.
You are surrounded by a mild repulsion field. (EV +2)
You are partially covered in icy blue scales. (AC +2)
You are partially covered in iridescent scales. (AC +2)
You are clumsy. (Dex -2)
Your flesh is very cold resistant. (rC++)
Your body sometimes deteriorates upon taking damage.
You are highly resistant to hostile enchantments. (MR++)


Message History

No item to drop.
Unknown command.
Clearing level map.
Clearing level map.
No item to drop.
Unknown command.
No item to drop.
Clearing level map.
Unknown command.
No item to drop.
Unknown command.
Clearing level map.
No item to drop.
Unknown command.
Clearing level map.
No item to drop.
Unknown command.
Clearing level map.
No item to drop.
You have escaped!

##........#.#>#.#..#
....##.#..#.###.#..#
....###.#....#.....#
....# ##....###....#
....####...## ###..#
.......##..## ##..#
............####>..##
##.....#..>#........#
.#.....##.######@.###
.#.....##.### ###.#
.#.....##...###...#
.......##....#....#
#########.#.###.#.# #
#.#.#.#.#.# #
#.........# #
###########


There were no monsters in sight!

Vanquished Creatures
  Tiamat (Zot:5)
  8 orbs of fire
  6 ancient liches
  A juggernaut (Depths:4)
  Saint Roka (Elf:3)
  3 Killer Klowns (Zot:5)
  3 curse toes
  A caustic shrike (Depths:2)
  10 golden dragons
  Nikola (Shoals:3)
  The ghost of RudyRod the Peltast, an adept MiFi of Okawaru (Vaults:5)
  2 bone dragons
  A Tzitzimitl (Depths:3)
  3 electric golems
  Jorgrun (Elf:2)
  Rupert (D:14)
  21 tentacled monstrosities
  3 liches
  25 Orb Guardians (Zot:5)
  2 deep elf blademasters
  A deep elf master archer (Elf:3)
  4 quicksilver dragons
  7 titans
  6 sphinxes
  7 death cobs
  9 shadow dragons
  Kirke (D:13)
  Gastronok (Lair:1)
  2 ancient champions (WizLab)
  7 storm dragons
  6 tengu reavers
  8 draconian monks
  Ilsuiw (Shoals:4)
  3 azure jellies (Lair:5)
  A revenant (Vaults:2)
  8 fire giants
  8 frost giants
  26 vault wardens
  7 deep elf sorcerers
  6 ghost moths
  Aizul (Depths:3)
  A cacodemon (Depths:4)
  4 draconian knights
  4 draconian scorchers
  6 deep elf elementalists
  4 draconian annihilators (Zot:2)
  3 iron dragons
  2 emperor scorpions
  14 ironheart preservers
  6 draconian shifters
  2 draconian stormcallers (Zot:4)
  The ghost of p0werm0de the Covert, a journeyman GnEn of Cheibriados (Elf:3)
  3 spriggan defenders
  12 very ugly things
  23 stone giants
  6 entropy weavers
  A war gargoyle (Vaults:5)
  17 green draconians
  5 vampire knights
  6 deep elf demonologists
  10 deep elf annihilators
  8 purple draconians
  15 red draconians
  11 yellow draconians
  A spark wasp (shapeshifter) (Vaults:5)
  7 spark wasps
  11 white draconians
  19 black draconians
  An eidolon (Depths:3)
  5 merfolk javelineers
  14 deep elf death magi
  14 ettins
  A minotaur (shapeshifter) (Vaults:3)
  11 fire dragons
  8 merfolk impalers
  10 deep elf high priests
  3 jiangshi (Depths:1)
  13 yaktaur captains
  6 great orbs of eyes
  Fannar (Lair:2)
  A catoblepas (shapeshifter) (Depths:2)
  Erolcha (D:13)
  3 rakshasas
  34 vault guards
  16 ice dragons
  The ghost of manyhoops the Destroyer, a journeyman GnWn of Nemelex Xobeh (D:10)
  9 hydras
  6 merfolk aquamancers
  2 death knights
  An alligator snapping turtle (Shoals:4)
  5 spriggan air magi
  3 merfolk avatars (Shoals:3)
  2 centaur warriors
  A two-headed ogre (shapeshifter) (Vaults:2)
  43 two-headed ogres
  26 dancing weapons
  19 ogre magi
  A satyr (Shoals:4)
  9 deep troll shamans
  4 tengu warriors
  2 vampire magi
  4 deep troll earth magi
  5 death yaks
  2 orc high priests
  A spriggan berserker (Depths:3)
  A sun demon (D:14)
  14 deep elf knights
  A fire crab (shapeshifter) (Vaults:1)
  A storm dragon zombie (Vaults:4)
  6 iron trolls
  A soul eater (Depths:3)
  2 sixfirhies (Depths:4)
  3 shadow wraiths
  15 skeletal warriors
  11 hell knights
  10 sea snakes
  9 small abominations
  8 glowing orange brains
  A kraken simulacrum (Shoals:4)
  29 deep trolls
  10 unseen horrors
  7 deep elf archers
  A shadow dragon zombie (Vaults:4)
  3 orange crystal statues
  2 spectral hydras (Depths:3)
  2 wolf spider zombies
  5 flayed ghosts
  A shadow demon (D:1)
  A glowing orange brain (shapeshifter) (Depths:2)
  3 wizards
  2 frost giant zombies
  25 orb spiders
  6 necromancers
  56 ugly things
  16 orc knights
  11 harpies
  17 ironbrand convokers
  An anaconda skeleton (Volcano)
  68 deep elf magi
  A stone giant zombie (Vaults:3)
  41 wolf spiders
  4 large abominations (Depths:4)
  4 orc sorcerers
  13 cyclopes
  6 oklob plants
  11 fauns
  5 mana vipers (Depths:3)
  A manticore (shapeshifter) (Depths:5)
  12 manticores
  4 salamanders
  14 vault sentinels
  5 water nymphs
  A shadow dragon skeleton (Vaults:3)
  2 sphinx skeletons (Depths:3)
  13 elephants
  5 black mambas
  9 merfolk sirens
  A rust devil (D:8)
  30 moths of wrath
  A torpor snail (Spider:3)
  21 spiny frogs
  A human skeleton (Vaults:4)
  An eye of devastation (shapeshifter) (D:15)
  6 gargoyles
  2 hellions (Zot:4)
  2 rime drakes (Lair:5)
  A yaktaur (shapeshifter) (Vaults:2)
  3 efreet (Zot:4)
  7 komodo dragons
  4 freezing wraiths
  2 rime drakes (shapeshifter)
  18 demonic crawlers
  46 yaktaurs
  3 ice devils
  3 hellwings
  A tengu conjurer (Depths:1)
  A troll (shapeshifter) (Depths:2)
  36 jumping spiders
  A red devil (Zot:1)
  A polar bear (Lair:3)
  A queen bee (shapeshifter) (Vaults:1)
  A meliai (shapeshifter) (Vaults:1)
  24 merfolk
  16 trolls
  A jumping spider (shapeshifter) (Vaults:1)
  5 wind drakes
  A queen bee (Lair:1)
  A harpy skeleton (Volcano)
  A tengu simulacrum (Vaults:3)
  16 hornets
  18 blink frogs
  4 tyrant leeches (Lair:6)
  A raiju (shapeshifter) (D:15)
  32 slime creatures
  6 hippogriffs
  7 dream sheep (Shoals:3)
  12 snapping turtles
  A frost giant simulacrum (Depths:3)
  2 flying skulls (Volcano)
  Sigmund (D:4)
  2 human simulacra (Vaults:3)
  7 air elementals
  5 spriggans
  An alligator skeleton (Volcano)
  47 tarantellas
  30 water elementals
  74 redbacks
  5 shadows
  A tarantella (shapeshifter) (Elf:2)
  9 wraiths
  3 humans (Shoals:2)
  A wyvern (Lair:4)
  8 vampires
  2 hogs (D:13)
  3 fire bats (Lair:4)
  3 basilisks
  48 yaks
  2 fire elementals
  A chaos spawn (Depths:4)
  2 hungry ghosts
  2 two-headed ogre zombies (WizLab)
  Menkaure (D:5)
  6 vampire mosquitoes (Lair:6)
  15 wargs
  3 acid dragons
  A soldier ant (shapeshifter) (Vaults:3)
  Duvessa (D:4)
  11 hell hounds
  2 hydra simulacra (Depths:3)
  5 spectral trolls (Depths:3)
  8 porcupines
  11 water moccasins
  3 floating eyes
  A black bear (Lair:3)
  3 spectral spriggans (Depths:3)
  3 ice beasts
  43 orc warriors
  3 sky beasts
  A hornet zombie (D:10)
  2 eyes of draining (shapeshifter)
  A black bear (shapeshifter) (Vaults:3)
  A human zombie (Vaults:3)
  2 eyes of draining
  6 phantoms
  14 boggarts
  60 ogres
  21 centaurs
  21 wolves
  9 crocodiles
  The ghost of kalagan the Caller, an amateur DESu (D:3)
  2 earth elementals
  2 big kobolds
  27 bullfrogs
  Dowan (D:4)
  Blork the orc (D:3)
  A merfolk simulacrum (Depths:3)
  A water moccasin skeleton (D:10)
  8 troll zombies (WizLab)
  2 scorpions
  A spectral ogre (Depths:3)
  A troll skeleton (Volcano)
  18 killer bees
  4 spectral nagas (Depths:3)
  A spriggan skeleton (Volcano)
  19 wights
  An electric eel (Lair:6)
  2 howler monkeys
  4 jellies
  11 crimson imps
  3 bullfrog zombies
  2 spectral centaurs (Depths:3)
  2 centaur zombies
  5 hounds
  A quasit (D:12)
  13 orc priests
  5 centaur skeletons
  3 bullfrog skeletons
  25 orc wizards
  A gnoll shaman (D:5)
  5 iguanas
  Ijyb (D:3)
  Natasha (thrice) (D:4)
  3 polar bear simulacra (Lair:4)
  10 worker ants
  4 yak simulacra (Lair:4)
  A wolf simulacrum (Lair:4)
  A killer bee zombie (D:7)
  4 ogre zombies (WizLab)
  A hound skeleton (D:7)
  A howler monkey zombie (D:7)
  A worker ant zombie (D:6)
  Robin (D:4)
  11 gnolls
  A howler monkey skeleton (D:8)
  10 adders
  A shadow imp (D:3)
  4 white imps (D:15)
  2 oozes
  An adder zombie (D:6)
  An adder skeleton (D:6)
  4 worms
  2 dart slugs
  3 leopard geckos (D:1)
  109 orcs
  2 ball pythons
  3 giant cockroaches
  11 goblins
  9 hobgoblins
  5 jackals
  2 quokkas
  2 bats (D:2)
  4 frilled lizards
  14 kobolds
  A quokka zombie (D:6)
  9 rats
  3 river rat simulacra (Lair:4)
  3 bushes (Zot:4)
  3 crawling corpses (Elf:3)
  14 fungi
  44 plants
  A tentacle (Shoals:4)
2545 creatures vanquished.

Vanquished Creatures (others)
  A fire giant (Depths:2)
  5 stone giants
  A merfolk javelineer (Shoals:4)
  A deep elf high priest (Elf:3)
  6 yaktaur captains
  A vault guard (D:13)
  2 centaur warriors
  3 deep elf knights
  6 deep elf archers
  3 cyclopes
  A moth of wrath (Zot:5)
  2 fauns (Shoals:2)
  24 yaktaurs
  A jumping spider (Spider:2)
  A flying skull (Volcano)
  3 humans (D:13)
  A boggart (Depths:4)
  An ogre (Vaults:4)
  12 centaurs
  3 orcs
  69 bushes
  47 fungi
  116 plants
  17 tentacles (Shoals:4)
327 creatures vanquished.

Grand Total: 2872 creatures vanquished

Notes
Turn   | Place    | Note
-------+----------+-------------------------------------------
     0 | D:1      | microfolk the Gargoyle Earth Elementalist began the quest for the Orb.
     0 | D:1      | Reached XP level 1. HP: 10/10 MP: 3/3
   260 | D:1      | Reached skill level 4 in Earth Magic
   260 | D:1      | Reached XP level 2. HP: 16/16 MP: 3/5
   267 | D:1      | Learned a level 2 spell: Passwall
   908 | D:1      | Reached skill level 1 in Fighting
  1024 | D:2      | Reached XP level 3. HP: 20/20 MP: 3/6
  1034 | D:2      | Learned a level 3 spell: Stone Arrow
  1396 | D:2      | Reached skill level 1 in Maces & Flails
  1545 | D:2      | Reached XP level 4. HP: 24/25 MP: 7/7
  1769 | D:2      | Found a burning altar of Makhleb.
  1769 | D:2      | Noticed a cacodemon
  2587 | D:3      | Reached skill level 5 in Earth Magic
  2810 | D:3      | Noticed kalagan's ghost (amateur DESu)
  2937 | D:3      | Noticed Ijyb
  2946 | D:3      | Killed Ijyb
  2946 | D:3      | Reached XP level 5. HP: 24/30 MP: 0/9
  3073 | D:3      | Found an iron altar of Okawaru.
  3073 | D:3      | Found a hide-covered altar of Uskayaw.
  3480 | D:4      | Noticed a phantom
  3569 | D:4      | Found a glowing golden altar of the Shining One.
  3770 | D:4      | Found a staircase to the Ecumenical Temple.
  3869 | Temple   | Entered the Ecumenical Temple
  3880 | Temple   | Became a worshipper of Cheibriados the Contemplative
  3954 | D:4      | Noticed Blork the orc
  3955 | D:4      | Noticed Robin
  3972 | D:3      | Killed Blork the orc
  3972 | D:3      | Reached skill level 6 in Earth Magic
  3972 | D:3      | Reached XP level 6. HP: 7/36 MP: 6/10
  3979 | D:3      | Killed kalagan's ghost
  4763 | D:3      | Found a blossoming altar of Fedhas.
  4802 | D:3      | Noticed an oklob plant
  5097 | D:4      | Killed Robin
  5130 | D:4      | Reached * piety under Cheibriados
  5448 | D:4      | Noticed Dowan
  5606 | D:4      | Noticed a phantom
  5882 | D:4      | Noticed Natasha
  5889 | D:4      | Killed Natasha
  5889 | D:4      | Reached XP level 7. HP: 28/41 MP: 7/12
  6009 | D:4      | Noticed Duvessa
  6070 | D:4      | Noticed Natasha
  6078 | D:4      | Killed Natasha
  6330 | D:4      | Noticed Natasha
  6338 | D:4      | Killed Natasha
  6338 | D:4      | Reached skill level 7 in Earth Magic
  6394 | D:4      | Noticed Sigmund
  6404 | D:4      | Found a shattered altar of Ashenzari.
  6486 | D:5      | Entered Level 5 of the Dungeon
  6630 | D:5      | Reached skill level 8 in Earth Magic
  6690 | D:5      | Reached XP level 8. HP: 35/48 MP: 0/14
  6931 | D:5      | Reached skill level 5 in Fighting
  6960 | D:5      | Found an ornate altar of the Wu Jian Council.
  7149 | D:5      | Reached skill level 5 in Spellcasting
  7153 | D:5      | Reached ** piety under Cheibriados
  7261 | D:5      | Reached skill level 1 in Shields
  7317 | D:6      | Reached skill level 9 in Earth Magic
  7384 | D:6      | Reached skill level 1 in Invocations
  7390 | D:6      | Noticed a yak
  7391 | D:6      | Noticed a yak
  7425 | D:6      | Reached XP level 9. HP: 55/55 MP: 12/16
  7428 | D:6      | Noticed Menkaure
  7444 | D:5      | Killed Menkaure
  7557 | D:4      | Killed Duvessa
  7571 | D:4      | Killed Dowan
  7648 | D:4      | Killed Sigmund
  7648 | D:4      | Reached skill level 5 in Shields
  8060 | D:6      | Reached *** piety under Cheibriados
  8093 | D:6      | Reached XP level 10. HP: 63/63 MP: 4/17
  8208 | D:6      | Killed an unseen horror
  8208 | D:6      | Reached skill level 5 in Invocations
  8527 | D:6      | Found a basalt altar of Yredelemnul.
  9360 | D:7      | Noticed a brown ugly thing
  9369 | D:7      | Killed a brown ugly thing
  9525 | D:7      | Learned a level 2 spell: Blink
  9600 | D:8      | Reached **** piety under Cheibriados
  9602 | D:8      | Found a glowing silver altar of Zin.
  9795 | D:8      | Found Quoxam's Magic Scroll Shoppe.
  9803 | D:8      | Bought a scroll of magic mapping for 49 gold pieces
 10586 | D:9      | Reached skill level 1 in Translocations
 10593 | D:9      | Found a staircase to the Lair.
 10620 | D:9      | Reached XP level 11. HP: 60/71 MP: 4/18
 10711 | D:9      | Reached skill level 10 in Shields
 10797 | D:9      | Found a shadowy altar of Dithmenos.
 11210 | D:10     | Entered Level 10 of the Dungeon
 11255 | D:10     | Reached ***** piety under Cheibriados
 11599 | D:10     | Noticed manyhoops's ghost (journeyman GnWn)
 11644 | D:10     | Killed manyhoops's ghost
 12207 | Lair:1   | Entered Level 1 of the Lair of Beasts
 12462 | Lair:1   | Noticed Gastronok
 12480 | Lair:1   | Killed Gastronok
 12734 | Lair:1   | Reached skill level 10 in Fighting
 13137 | Lair:1   | Noticed a four-headed hydra
 13471 | Lair:2   | Reached XP level 12. HP: 78/78 MP: 13/19
 13841 | Lair:2   | Noticed Fannar
 13858 | Lair:2   | Killed Fannar
 14521 | Lair:3   | Found a staircase to the Shoals.
 15166 | Lair:3   | Reached skill level 5 in Maces & Flails
 15311 | Lair:3   | Learned a level 5 spell: Lee's Rapid Deconstruction
 15333 | Lair:4   | Reached skill level 1 in Armour
 15367 | Lair:4   | Found a dark tunnel.
 15375 | Volcano  | Entered a volcano
 16426 | Lair:4   | Got a heavily runed buckler
 16437 | Lair:4   | Identified the cursed +0 buckler of Gluttony {Slay+2} (You found it on level 4 of the Lair of Beasts)
 16576 | Lair:4   | Reached XP level 13. HP: 72/84 MP: 16/20
 16917 | Lair:4   | Found a hole to the Spider Nest.
 17452 | Lair:5   | Found a runed door.
 17453 | Lair:5   | Found a viscous altar of Jiyva.
 17454 | Lair:5   | Noticed an azure jelly
 17454 | Lair:5   | Noticed an azure jelly
 17455 | Lair:5   | Found a staircase to the Slime Pits.
 17470 | Lair:5   | Noticed an azure jelly
 17517 | Lair:5   | Reached skill level 5 in Armour
 17867 | Lair:5   | Reached skill level 15 in Shields
 18838 | Lair:6   | Entered Level 6 of the Lair of Beasts
 19218 | Lair:6   | Reached ****** piety under Cheibriados
 19218 | Lair:6   | Gained mutation: Your large and strong wings let you fly indefinitely. [Gargoyle growth]
 19218 | Lair:6   | Reached XP level 14. HP: 75/90 MP: 12/21
 19368 | Lair:6   | Reached skill level 10 in Earth Magic
 19831 | Lair:6   | Reached skill level 10 in Maces & Flails
 20952 | Lair:6   | Identified the Compendium of Unstable Ice
 21656 | D:11     | Reached skill level 11 in Earth Magic
 21970 | D:11     | Found a shadowy altar of Dithmenos.
 22095 | D:11     | Found Odiunwit's Armour Shoppe.
 22186 | D:11     | Found a staircase to the Orcish Mines.
 22659 | D:12     | Found a viscous altar of Jiyva.
 22864 | D:12     | Found a portal to a secret trove of treasure.
 22866 | D:12     | Found a transporter.
 23153 | D:13     | Found a gate to the Vaults.
 23249 | D:13     | Noticed Erolcha
 23255 | D:13     | Killed Erolcha
 23548 | Orc:1    | Entered Level 1 of the Orcish Mines
 23548 | Orc:1    | Found Qehon's Weapon Shop.
 23548 | Orc:1    | Found Niykeq's Food Boutique.
 23550 | Orc:1    | Found a roughly hewn altar of Beogh.
 23732 | Orc:1    | Found Webruopp's Assorted Antiques.
 23785 | Orc:2    | Entered Level 2 of the Orcish Mines
 23785 | Orc:2    | Found a staircase to the Elven Halls.
 24030 | Orc:1    | Found Cewoarinia's Jewellery Shoppe.
 24035 | Orc:1    | Bought a cursed amulet of inaccuracy for 34 gold pieces
 24307 | Orc:2    | Found Vuiz's Antique Armour Shoppe.
 24309 | Orc:2    | Reached XP level 15. HP: 20/94 MP: 14/22
 24980 | Orc:1    | Reached skill level 10 in Invocations
 24980 | Orc:1    | Reached skill level 12 in Earth Magic
 25943 | Orc:2    | Found Hireyd Jeutz's General Store.
 25947 | Orc:2    | Found Ileath's Gadget Emporium.
 25949 | Orc:2    | Found Reekebol's Assorted Antiques.
 25962 | Orc:2    | Bought a scroll of teleportation for 114 gold pieces
 26326 | D:13     | Noticed Kirke
 26351 | D:13     | Killed Kirke
 27737 | D:14     | Noticed Rupert
 27755 | D:14     | Killed Rupert
 27755 | D:14     | Reached skill level 13 in Earth Magic
 28285 | D:15     | Entered Level 15 of the Dungeon
 28745 | D:15     | Reached XP level 16. HP: 100/100 MP: 25/25
 29032 | D:15     | Found a shadowy altar of Dithmenos.
 29585 | D:15     | Reached skill level 14 in Earth Magic
 30077 | Orc:1    | Bought a hardcover book for 405 gold pieces
 30083 | Orc:1    | Learned a level 5 spell: Borgnjor's Vile Clutch
 30209 | D:8      | Bought 3 scrolls of teleportation for 126 gold pieces
 30366 | Spider:1 | Entered Level 1 of the Spider Nest
 30377 | Spider:1 | Reached skill level 10 in Armour
 30380 | Spider:1 | Reached skill level 1 in Necromancy
 32653 | Spider:3 | Reached XP level 17. HP: 83/106 MP: 25/26
 32741 | Spider:3 | Reached skill level 5 in Necromancy
 33610 | Spider:3 | Reached skill level 15 in Earth Magic
 34642 | Orc:1    | Bought a scroll of identify for 54 gold pieces
 34730 | Orc:2    | Bought a scroll of identify for 34 gold pieces
 34730 | Orc:2    | Bought a potion of invisibility for 136 gold pieces
 34901 | D:8      | Bought a scroll of fog for 28 gold pieces
 34901 | D:8      | Bought a scroll of identify for 28 gold pieces
 35107 | Spider:4 | Entered Level 4 of the Spider Nest
 36950 | Spider:4 | Reached skill level 16 in Earth Magic
 37442 | Spider:4 | Reached XP level 18. HP: 85/115 MP: 0/27
 37616 | Spider:4 | Got a gossamer rune of Zot
 37773 | Shoals:1 | Entered Level 1 of the Shoals
 39147 | Shoals:2 | Found a flickering gateway to a bazaar.
 39183 | Bazaar   | Entered a bazaar
 39209 | Bazaar   | Found Toriff's Book Shoppe.
 39226 | Bazaar   | Found Selup's Antique Weapon Shop.
 39272 | Bazaar   | Found Kuulline's Antique Weapon Shoppe.
 39276 | Bazaar   | Bought a translucent whip for 202 gold pieces
 39283 | Bazaar   | Found Siroladd's Book Emporium.
 39291 | Bazaar   | Bought a book of the Earth for 780 gold pieces
 39310 | Bazaar   | Bought a book of Cantrips for 260 gold pieces
 39313 | Bazaar   | Learned a level 1 spell: Apportation
 39354 | Shoals:2 | Identified the +10 whip of Starshine {slash, Stlth+} (You bought it in a shop in a bazaar)
 39480 | Shoals:2 | Reached skill level 1 in Conjurations
 40524 | Shoals:3 | Noticed Nikola
 40537 | Shoals:3 | Killed Nikola
 41808 | Shoals:3 | Found Qepej Abecw's Weapon Emporium.
 42020 | Shoals:4 | Entered Level 4 of the Shoals
 42045 | Shoals:4 | Reached skill level 5 in Conjurations
 42357 | Shoals:4 | Reached skill level 17 in Earth Magic
 42365 | Shoals:4 | Learned a level 6 spell: Iron Shot
 43213 | Shoals:4 | Noticed Ilsuiw
 43912 | Shoals:4 | Reached XP level 19. HP: 112/122 MP: 7/28
 44005 | Shoals:4 | Killed Ilsuiw
 44607 | Shoals:4 | Identified a scroll of acquirement
 44646 | Shoals:4 | Got a barnacled rune of Zot
 44876 | Vaults:1 | Entered Level 1 of the Vaults
 45072 | Vaults:1 | Reached skill level 15 in Fighting
 45837 | Vaults:1 | Reached skill level 18 in Earth Magic
 47043 | Vaults:2 | Reached skill level 15 in Armour
 47056 | Vaults:2 | Reached XP level 20. HP: 55/131 MP: 14/31
 47343 | Vaults:2 | Found a staircase to the Crypt.
 49614 | Vaults:3 | Reached skill level 10 in Spellcasting
 49708 | Vaults:3 | Reached skill level 19 in Earth Magic
 50099 | Vaults:3 | Reached XP level 21. HP: 137/137 MP: 23/35
 50731 | Vaults:3 | Identified the +2 ring mail of Refuge {*Contam rCorr SInv} (You acquired it on level 3 of the Vaults)
 51556 | Vaults:4 | Reached skill level 20 in Earth Magic
 53703 | Elf:1    | Entered Level 1 of the Elven Halls
 53723 | Elf:1    | Reached skill level 21 in Earth Magic
 54044 | Elf:1    | Reached XP level 22. HP: 145/145 MP: 36/36
 54050 | Elf:1    | Found Gapefiraymo's Goods Gallery.
 54535 | Elf:1    | Found Zudwilug's Gadget Boutique.
 54815 | Elf:1    | Identified the +4 falchion of Ytoluex {freeze, Str+3} (You found it on level 1 of the Elven Halls)
 55421 | Elf:2    | Found a runed gate.
 55421 | Elf:2    | Found a runed gate.
 55423 | Elf:2    | Found a runed gate.
 55657 | Elf:2    | Noticed Jorgrun
 55664 | Elf:2    | Killed Jorgrun
 57029 | Elf:3    | Entered Level 3 of the Elven Halls
 57114 | Elf:3    | Reached skill level 22 in Earth Magic
 57330 | Elf:3    | Noticed p0werm0de's ghost (journeyman GnEn)
 57362 | Elf:3    | Killed p0werm0de's ghost
 57664 | Elf:3    | Found a deep blue altar of Sif Muna.
 58545 | Elf:3    | Cast into level 2 of the Abyss (a deep elf sorcerer)
 58708 | Elf:3    | Escaped the Abyss
 58818 | Elf:3    | Reached skill level 5 in Dodging
 59206 | Elf:3    | Noticed Saint Roka
 59220 | Elf:3    | Killed Saint Roka
 59436 | Elf:3    | Got a scintillating glass ring
 59474 | Elf:3    | Identified the ring "Ygupi" {+Fly rF+ Int+4} (You took it off a deep elf blademaster on level 3 of the Elven Halls)
 59743 | Elf:3    | Identified the +9 plate armour of the Catfish {Int+4 Dex+2} (You took it off a deep elf high priest on level 3 of the Elven Halls)
 59768 | Elf:3    | Got a brightly glowing steel ring
 59859 | Elf:3    | Identified the ring of Red Wine {Fire Str+2 Dex+3} (You took it off a deep elf annihilator on level 3 of the Elven Halls)
 60026 | Elf:3    | Reached XP level 23. HP: 153/153 MP: 16/37
 60305 | Elf:3    | Identified the +6 plate armour of Boredom {rElec MR+ Dex+2 SInv} (You took it off an orc on level 3 of the Elven Halls)
 60342 | Elf:3    | Identified the cursed ring "Yruckailusm" {+Inv rC+ Str+2 Int-2 Dex-3} (You took it off a deep elf death mage on level 3 of the Elven Halls)
 60397 | Elf:3    | Found the +1 mace of Variability {chaos}
 60411 | Elf:3    | Identified the -6 pair of gloves of the Camelopard {rPois Dex+2 SInv} (You found it on level 3 of the Elven Halls)
 60432 | Elf:3    | Learned a level 9 spell: Shatter
 60479 | Elf:3    | Reached skill level 23 in Earth Magic
 60511 | Elf:3    | Identified the Guide on Creative Envenoming
 60518 | Elf:3    | Got translucent quicksilver dragon scales
 60907 | Depths:1 | Entered Level 1 of the Depths
 61259 | Depths:1 | Found a gateway to Hell.
 62107 | Depths:1 | Found a one-way gate to the infinite horrors of the Abyss.
 62344 | Depths:1 | Found a glowing golden altar of the Shining One.
 62381 | Depths:1 | Identified the quicksilver dragon scales of the Ninety-Nine Lives {rC+ MR+ rCorr} (You found it on level 3 of the Elven Halls)
 62634 | Depths:1 | Found a one-way gate leading to the halls of Pandemonium.
 63621 | Depths:2 | Reached skill level 24 in Earth Magic
 63875 | Depths:2 | Paralysed by a floating eye for 4 turns
 64784 | Depths:2 | Noticed a caustic shrike
 64787 | Depths:2 | Killed a caustic shrike
 65076 | Depths:2 | Identified Poty's Tome of Glacial Shape Shifting
 66361 | Depths:3 | Reached XP level 24. HP: 162/162 MP: 22/37
 67188 | Depths:3 | Reached skill level 25 in Earth Magic
 67832 | Depths:3 | Identified the +0 helmet of Pumyrim {SInv} (You found it on level 3 of the Depths)
 68198 | Depths:3 | Got a fine plate armour
 68386 | Depths:3 | Paralysed by a floating eye for 3 turns
 68500 | Depths:3 | Noticed Aizul
 68505 | Depths:3 | Killed Aizul
 68601 | Depths:3 | Identified the +1 plate armour of a Thousand Emperors {rC+} (You found it on level 3 of the Depths)
 69609 | Depths:4 | Identified the +7 flail of Seenyar {venom, +Fly rC- Str+5 Int+3} (You took it off a yaktaur on level 4 of the Depths)
 70422 | Depths:4 | Found a gateway to a ziggurat.
 71194 | Depths:4 | Noticed a juggernaut
 71201 | Depths:4 | Killed a juggernaut
 71329 | Depths:4 | Identified the ring "Ituggith" {+Inv rF+ SInv} (You took it off a salamander on level 4 of the Depths)
 71348 | Depths:4 | Got a wavering lead ring
 71349 | Depths:4 | Identified the ring "Fosack" {Ice rPois} (You found it on level 4 of the Depths)
 71438 | Depths:4 | Reached XP level 25. HP: 123/168 MP: 29/40
 72126 | Orc:2    | Bought a glowing cloak for 255 gold pieces
 72126 | Orc:2    | Bought a pair of embroidered gloves for 255 gold pieces
 72601 | Depths:5 | Entered Level 5 of the Depths
 72665 | Depths:5 | Found a magical portal.
 72670 | WizLab   | Entered Zonguldrok's Shrine
 73289 | WizLab   | Noticed an antique lich
 73292 | WizLab   | Killed an antique lich
 73321 | WizLab   | Found the +9 sword of Zonguldrok {reap}
 74058 | D:12     | You paid a toll of 7 potions of haste to enter a treasure trove
 74059 | Trove    | Entered a treasure trove
 74070 | Trove    | Got a steaming diamond amulet
 74090 | Trove    | Got a steaming plate armour
 74093 | Trove    | Got a jewelled helmet
 74570 | D:12     | Found a transporter.
 76415 | Depths:5 | Found a gate to the Realm of Zot.
 76628 | Depths:5 | Identified the +7 plate armour of Reason {rPois} (You found it in a treasure trove)
 76651 | Depths:5 | Identified the +1 helmet of the Sparrow {MP+9 Int+2} (You found it in a treasure trove)
 77175 | Orc:1    | Bought a potion of might for 108 gold pieces
 77175 | Orc:1    | Bought a scroll of brand weapon for 540 gold pieces
 77175 | Orc:1    | Bought a potion of curing for 81 gold pieces
 77175 | Orc:1    | Bought a potion of curing for 81 gold pieces
 77309 | D:8      | Bought a scroll of silence for 105 gold pieces
 77309 | D:8      | Bought a scroll of magic mapping for 49 gold pieces
 77309 | D:8      | Bought a scroll of summoning for 133 gold pieces
 77657 | Vaults:5 | Entered Level 5 of the Vaults
 77658 | Vaults:5 | Reached skill level 15 in Spellcasting
 77658 | Vaults:5 | Found Ycwoone's Food Shop.
 77791 | Vaults:5 | Found Ezenus's Antique Armour Shop.
 77888 | Vaults:5 | Got a silver rune of Zot
 77965 | Vaults:5 | Reached XP level 26. HP: 174/174 MP: 13/42
 78084 | Vaults:5 | Noticed RudyRod's ghost (adept MiFi)
 78372 | Vaults:5 | Noticed an ancient lich
 78375 | Vaults:5 | Killed an ancient lich
 79048 | Vaults:5 | Killed RudyRod's ghost
 80522 | Vaults:5 | Found Caont's Distillery.
 80549 | Vaults:5 | Found Ageluda Vahi's Distillery.
 80557 | Vaults:5 | Bought a potion of brilliance for 56 gold pieces
 80557 | Vaults:5 | Bought a potion of heal wounds for 70 gold pieces
 80557 | Vaults:5 | Bought a potion of heal wounds for 70 gold pieces
 80557 | Vaults:5 | Bought a potion of resistance for 140 gold pieces
 80655 | Vaults:5 | Found Paugozen's Weapon Shoppe.
 80847 | Vaults:5 | Found Ommoh's Jewellery Shop.
 80851 | Vaults:5 | Bought the amulet of the Four Winds {rN+ MR+++ Clar} for 570 gold pieces
 80851 | Vaults:5 | Found the amulet of the Four Winds {rN+ MR+++ Clar}
 80947 | Vaults:5 | Found Jeyss's Book Shoppe.
 80952 | Vaults:5 | Found Kosok Fun's Book Shoppe.
 81066 | Vaults:5 | Bought a book of Spatial Translocations for 1040 gold pieces
 81072 | Vaults:5 | Learned a level 4 spell: Passage of Golubria
 81076 | Vaults:5 | Learned a level 3 spell: Lesser Beckoning
 81103 | Vaults:5 | Bought polished ice dragon scales for 1365 gold pieces
 81432 | Zot:1    | Entered Level 1 of the Realm of Zot
 81503 | Zot:1    | Noticed an orb of fire
 81505 | Zot:1    | Gained mutation: Your spells are a little easier to cast, but a little less powerful. [an orb of fire]
 81520 | Zot:1    | Gained mutation: You occasionally shout uncontrollably at your foes. [an orb of fire]
 81521 | Zot:1    | Gained mutation: Your magical capacity is low. (-10% MP) [an orb of fire]
 81524 | Zot:1    | Gained mutation: You are agile. (Dex +2) [an orb of fire]
 81526 | Zot:1    | Gained mutation: Armour fits poorly on your strangely shaped body. [an orb of fire]
 81527 | Zot:1    | Gained mutation: Scrolls take you a little longer to read. [an orb of fire]
 81529 | Zot:1    | Gained mutation: You are dopey. (Int -2) [an orb of fire]
 81530 | Zot:1    | Killed an orb of fire
 81703 | Zot:1    | Lost mutation: Your spells are a little easier to cast, but a little less powerful. [potion of mutation]
 81703 | Zot:1    | Lost mutation: You are dopey. (Int -2) [potion of mutation]
 81703 | Zot:1    | Lost mutation: Scrolls take you a little longer to read. [potion of mutation]
 81703 | Zot:1    | Lost mutation: Your magical capacity is low. (-10% MP) [potion of mutation]
 81703 | Zot:1    | Gained mutation: Your flesh is cold resistant. (rC+) [potion of mutation]
 81703 | Zot:1    | Gained mutation: You are partially covered in slimy green scales. (AC +2) [potion of mutation]
 81989 | Zot:1    | Reached XP level 27. HP: 180/180 MP: 44/45
 82609 | Zot:1    | Identified the +7 ice dragon scales "Uhaillin" {*Slow +Blink rF- rC++ Dex+5} (You bought it in a shop on level 5 of the Vaults)
 82903 | Zot:2    | Identified the amulet "Oshaxuf" {Spirit -Tele *Corrode rN+++ Slay+2} (You found it in a treasure trove)
 83203 | Zot:2    | Reached skill level 1 in Evocations
 83836 | Zot:2    | Reached skill level 5 in Evocations
 83977 | Zot:2    | Got a smoking graven amulet
 83977 | Zot:2    | Got a faintly glowing steel ring
 83980 | Zot:2    | Identified the ring of Sitrus {rElec rN+ MR+} (You took it off a green draconian on level 2 of the Realm of Zot)
 84223 | Zot:2    | Reached skill level 26 in Earth Magic
 84237 | Zot:2    | Identified the amulet of Johet {Reflect *Contam rF+ rC+ SH+5} (You took it off a black draconian on level 2 of the Realm of Zot)
 87552 | Zot:4    | Noticed an orb of fire
 87555 | Zot:4    | Gained mutation: You expend magic power (3 MP) to strengthen your wands. [an orb of fire]
 87558 | Zot:4    | Gained mutation: You are frail. (-10% HP) [an orb of fire]
 87559 | Zot:4    | Killed an orb of fire
 87670 | Zot:4    | Lost mutation: Armour fits poorly on your strangely shaped body. [potion of mutation]
 87670 | Zot:4    | Lost mutation: You are agile. (Dex +2) [potion of mutation]
 87670 | Zot:4    | Gained mutation: You are partially covered in icy blue scales. (AC +2) [potion of mutation]
 87670 | Zot:4    | Gained mutation: Your flesh is very cold resistant. (rC++) [potion of mutation]
 88299 | Zot:5    | Entered Level 5 of the Realm of Zot
 88859 | Zot:5    | Noticed Tiamat
 89678 | Zot:5    | Killed Tiamat
 89678 | Zot:5    | Reached skill level 15 in Invocations
 89885 | Zot:5    | Identified Fetij's Reference Book on Poisonous Air
 89892 | Zot:5    | Learned a level 4 spell: Olgreb's Toxic Radiance
 90578 | Zot:5    | Noticed an orb of fire
 90582 | Zot:5    | Gained mutation: You are dopey. (Int -2) [an orb of fire]
 90583 | Zot:5    | Killed an orb of fire
 90588 | Zot:5    | Noticed an ancient lich
 90601 | Zot:5    | Killed an ancient lich
 90941 | Zot:5    | Noticed an ancient lich
 91129 | Zot:5    | Noticed an orb of fire
 91146 | Zot:5    | Noticed an orb of fire
 91158 | Zot:5    | Noticed an ancient lich
 91161 | Zot:5    | Killed an orb of fire
 91162 | Zot:5    | Killed an ancient lich
 91165 | Zot:5    | Noticed an ancient lich
 91168 | Zot:5    | Noticed an orb of fire
 91169 | Zot:5    | Killed an ancient lich
 91174 | Zot:5    | Gained mutation: Your body sometimes deteriorates upon taking damage. [an orb of fire]
 91175 | Zot:5    | Killed an orb of fire
 91175 | Zot:5    | Reached skill level 10 in Dodging
 91446 | Zot:5    | Noticed an orb of fire
 91452 | Zot:5    | Lost mutation: You are dopey. (Int -2) [an orb of fire]
 91454 | Zot:5    | Killed an ancient lich
 91455 | Zot:5    | Killed an orb of fire
 91459 | Zot:5    | Lost mutation: You occasionally shout uncontrollably at your foes. [an orb of fire]
 91475 | Zot:5    | Gained mutation: Scrolls take you a little longer to read. [an orb of fire]
 91483 | Zot:5    | Killed an orb of fire
 91628 | Zot:4    | Lost mutation: You are frail. (-10% HP) [potion of mutation]
 91628 | Zot:4    | Lost mutation: Scrolls take you a little longer to read. [potion of mutation]
 91628 | Zot:4    | Lost mutation: You are partially covered in slimy green scales. (AC +2) [potion of mutation]
 91628 | Zot:4    | Lost mutation: You expend magic power (3 MP) to strengthen your wands. [potion of mutation]
 91628 | Zot:4    | Gained mutation: You are resistant to hostile enchantments. (MR+) [potion of mutation]
 91628 | Zot:4    | Gained mutation: You are surrounded by a mild repulsion field. (EV +2) [potion of mutation]
 91628 | Zot:4    | Gained mutation: You are partially covered in iridescent scales. (AC +2) [potion of mutation]
 91628 | Zot:4    | Gained mutation: You are highly resistant to hostile enchantments. (MR++) [potion of mutation]
 92000 | Zot:5    | Noticed an orb of fire
 92002 | Zot:5    | Gained mutation: You are clumsy. (Dex -2) [an orb of fire]
 92005 | Zot:5    | Killed an orb of fire
 94906 | Zot:5    | Got the Orb of Zot
 95383 | D:$      | Escaped with the Orb!

Skill      XL: |  1  2  3  4  5  6  7  8  9 10 11 12 13 14 15 16 17 18 19 20 21 22 23 24 25 26 27 |
---------------+----------------------------------------------------------------------------------+-----
Earth Magic    | 4 5 6 8 9 11 13 14 16 17 18 19 21 22 24 25 26 | 26.0
Fighting       | 1 2 3 4 6 7 9 10 11 13 14 15 16 17 18 19 20 22 | 22.6
Maces & Flails | 1 2 3 6 9 11 12 | 12.0
Spellcasting   | 3 4 5 6 7 10 13 15 18 | 18.0
Shields        | 3 7 9 12 14 15 | 15.0
Invocations    | 1 4 6 7 9 11 12 18 | 18.5
Translocations | 2 4 |  4.0
Armour         | 3 6 9 10 12 13 15 17 18 19 20 21 | 21.0
Necromancy     | 4 5 |  5.0
Conjurations   | 7 8 |  8.0
Dodging        | 5 11 | 11.0
Evocations     | 9 |  9.0
Stealth        | |  2.1
Transmutations | |  0.7

Action                   |  1- 3 |  4- 6 |  7- 9 | 10-12 | 13-15 | 16-18 | 19-21 | 22-24 | 25-27 || total
-------------------------+-------+-------+-------+-------+-------+-------+-------+-------+-------++-------
Melee: Unarmed           |    26 |       |       |       |       |       |       |       |       ||    26
       Whip              |    94 |   235 |   146 |   292 |       |   183 |   808 |   620 |   212 ||  2590
       Demon whip        |       |       |       |    42 |  1336 |  1119 |       |       |   809 ||  3306
       Staff             |       |       |       |       |     2 |       |       |       |       ||     2
Throw: Stone             |       |       |     7 |    11 |     6 |     1 |       |       |     1 ||    26
 Cast: Sandblast         |    12 |    52 |   100 |   291 |    73 |     9 |     4 |       |       ||   541
       Stone Arrow       |       |     1 |     4 |    22 |   130 |   196 |    54 |       |       ||   407
       Lee's Rapid Decon |       |       |       |     1 |    46 |    39 |       |     3 |     1 ||    90
       Borgnjor's Vile C |       |       |       |       |       |   143 |   167 |   214 |   229 ||   753
       Iron Shot         |       |       |       |       |       |       |    65 |   307 |   356 ||   728
       Shatter           |       |       |       |       |       |       |       |       |    34 ||    34
       Olgreb's Toxic Ra |       |       |       |       |       |       |       |       |     2 ||     2
       Blink             |       |       |       |       |       |       |       |       |     1 ||     1
Invok: Slouch            |       |       |       |     5 |    11 |    14 |    16 |    13 |    21 ||    80
       Bend Time         |       |       |       |       |     3 |       |     1 |     3 |       ||     7
 Abil: Fly               |       |       |       |       |     1 |     1 |       |     6 |     1 ||     9
       Stop Flying       |       |       |       |       |     1 |       |     1 |     5 |     2 ||     9
Evoke: Wand              |       |       |       |       |       |       |       |       |    21 ||    21
  Use: Scroll            |     2 |     1 |     5 |    12 |     5 |    14 |     8 |    21 |    30 ||    98
       Potion            |       |     2 |       |       |       |     2 |       |     2 |    13 ||    19
 Stab: Sleeping          |     3 |     1 |       |     2 |     5 |       |       |       |       ||    11
       Distracted        |       |       |       |     1 |       |       |       |       |       ||     1
  Eat: Chunk             |     2 |     6 |     3 |     6 |    24 |    21 |    31 |    24 |     3 ||   120
       Ration            |       |     3 |       |     3 |     2 |    10 |     1 |     7 |    20 ||    46
Armor: Robe              |    48 |    62 |       |       |       |       |       |       |       ||   110
       Leather armour    |       |       |    45 |       |       |       |       |       |       ||    45
       Skin              |       |       |     3 |       |       |       |       |       |       ||     3
       Ring mail         |       |       |     2 |   141 |   156 |       |       |       |       ||   299
       Plate armour      |       |       |       |       |   129 |   650 |   270 |   288 |   240 ||  1577
       Quicksilver drago |       |       |       |       |       |       |       |       |   278 ||   278
Dodge: Dodged            |    59 |   177 |    62 |   140 |   215 |   248 |   117 |   188 |   380 ||  1586
       Deflected         |       |       |       |       |    12 |    33 |    33 |    31 |     2 ||   111
Block: Other             |       |    38 |    21 |       |       |       |       |       |       ||    59
       Reflection        |       |       |     8 |    23 |    52 |   113 |   125 |   113 |    38 ||   472
       Shield            |       |       |    88 |   514 |  1025 |  1372 |   697 |   677 |   893 ||  5266
